 Dungeon Crawl Stone Soup version 0.17-a0-1632-g0af21bd (console) character file.

1465 utis the Poker (level 8, -6/49 HPs)
             Began as a Tengu Fighter on Aug 3, 2015.
             Was a Follower of Vehumet.
             Hit by an exploding tomahawk thrown by an orc warrior (14 damage)
             ... on level 6 of the Dungeon.
             The game lasted 00:18:42 (7290 turns).

utis the Poker (Tengu Fighter)                      Turns: 7290, Time: 00:18:43

Health: -6/49      AC:  9    Str: 17    XL:     8   Next: 77%
Magic:  8/9        EV: 16    Int: 10    God:    Vehumet [*.....]
Gold:   361        SH:  0    Dex: 14    Spells: 0 memorised, 7 levels left

rFire  . . .     SeeInvis .     a - +0 halberd
rCold  + . .     Clarity  .     h - +2 ring mail {rC+}
rNeg   . . .     SustAt   .     (no shield)
rPois  .         Gourm    .     (helmet restricted)
rElec  .         Spirit   .     s - +0 cloak
rCorr  .         Warding  .     (no gloves)
rMut   .         Stasis   .     (boots unavailable)
MR     .....                    (no amulet)
Stlth  +.........               H - +2 ring of slaying
                                l - ring of flight

@: about to teleport, flying quickly and evasively, quick, not resistant to
hostile enchantments, very unstealthy
A: beak, talons 3, able to fly 1
a: Renounce Religion


You were on level 6 of the Dungeon.
You worshipped Vehumet.
Vehumet was aware of your devotion.
You were not hungry.

You visited 2 branches of the dungeon, and saw 7 of its levels.

You collected 361 gold pieces.

Inventory:

Hand weapons
 a - a +0 halberd (weapon)
 f - a +0 trident
Missiles
 k - 39 poisoned needles
 o - 185 stones (quivered)
 u - 22 sling bullets
 y - 23 poisoned sling bullets
Armour
 b - a +0 scale mail
 h - a +2 ring mail of cold resistance (worn)
 s - a +0 cloak (worn)
Magical staves
 M - an uncursed staff of conjuration {!a}
Jewellery
 j - an uncursed ring of teleportation
 l - a ring of flight (left hand)
 H - a +2 ring of slaying (right hand)
Magical devices
 J - a wand of fire (5)
 L - a wand of confusion (32)
Scrolls
 c - a scroll of identify
 n - a scroll of teleportation {!r}
 q - a scroll of blinking {!r}
 x - a scroll of recharging {unknown}
 A - a scroll of magic mapping
 C - a scroll of noise {unknown}
 E - a scroll of remove curse
 F - a scroll of enchant armour {unknown}
Potions
 p - 2 potions of poison
 r - a potion of lignification
 t - a potion of berserk rage {!q}
 w - 2 potions of haste
 z - 6 potions of curing
 B - a potion of brilliance {unknown}
 D - a potion of flight
 K - a potion of degeneration {unknown}
Books
 g - a book of Unlife

   Spells                             Type                      Level
   a - Recall                         Summoning/Translocation      3
   b - Animate Dead                   Necromancy                   4
   c - Control Undead                 Necromancy                   4
   d - Cigotuvi's Embrace             Necromancy                   5
   e - Death Channel                  Necromancy                   6
   f - Simulacrum                     Ice/Necromancy               6
Comestibles
 d - 2 fruits
 e - 5 bread rations
 i - 4 meat rations
 m - 5 beef jerkies
 v - 4 chunks of flesh
 G - a slice of pizza


   Skills:
 + Level 5.1 Fighting
 + Level 7.3 Polearms
 + Level 6.4 Armour
 + Level 5.4 Dodging
   Level 3.0 Shields


You had 7 spell levels left.
You didn't know any spells.

Dungeon Overview and Level Annotations

Branches:
Dungeon (6/15)             Temple (1/1) D:5

Altars:
Dithmenos
Elyvilon
Fedhas
Gozag
Kikubaaqudgha
Nemelex Xobeh
Okawaru
Qazlal
Ru
Sif Muna
Trog
Vehumet
Xom
Yredelemnul
The Shining One


Innate Abilities, Weirdness & Mutations

You have a beak for a mouth.
You have claws for feet.
You can fly.


Message History

The orc warrior is moderately wounded.
The orc warrior closely misses you. The orc misses you.
You hit the orc warrior but do no damage.
Your kick misses the orc warrior.
The orc warrior is moderately wounded.
The orc warrior hits you with a hand axe!
* * * LOW HITPOINT WARNING * * *
The orc barely misses you.
The orc warrior throws an exploding tomahawk.
The exploding tomahawk closely misses you.
The exploding tomahawk explodes!
Read which item? (? for menu, Esc to quit)
Okay, then.
Read which item? (? for menu, Esc to quit)
Really read
n - 2 scrolls of teleportation {!r}?
As you read the scroll of teleportation {!r}, it crumbles to dust.
You feel strangely unstable.
The orc warrior throws an exploding tomahawk.
The exploding tomahawk hits you!
You die...

▓....➘..➘.▓....▓▓▓
▓▓▓▓.▓▓.▓▓▓▓▓▓.▓.....
▓......)▓▓▓▓▓▓.▓.▓▓▓▓
▓......).......▓.▓
▓.......▓▓▓▓▓▓▓▓'▓
▓.......▓ ..
▓.......▓ ..
▓.......▓ ..
▓...Q...▓▓▓▓....
▓▓▓▓..o....'....
▓▓....▓▓▓... ▓▓.▓o▓
▓▓▓.▓ ... ▓.▓▓▓▓ ...
▓ ▓o▓▓.. ... .▓
▓.▓▓.▓ ▓.▓▓.▓ ▓.▓▓.▓
▓.....


You could see an orc warrior and an orc.

Vanquished Creatures
  Edmund (D:6)
  2 ice beasts
  A centaur (D:6)
  2 ogres
  A giant frog (D:6)
  A gnoll sergeant (D:6)
  A scorpion (D:6)
  A crimson imp (D:5)
  3 orc wizards (D:6)
  A hound (D:5)
  Crazy Yiuf (D:2)
  3 orc priests
  Terence (D:2)
  2 iguanas (D:5)
  2 worker ants (D:6)
  A hound skeleton (D:4)
  Robin (D:2)
  7 gnolls
  11 adders
  An ooze (D:5)
  2 adder skeletons
  8 worms
  5 giant geckos
  9 orcs
  2 ball pythons
  7 giant cockroaches
  15 goblins
  10 hobgoblins
  11 jackals
  6 kobolds
  4 quokkas
  5 bats
  3 giant newts
  A jackal skeleton (D:4)
  13 rats
145 creatures vanquished.

Notes
Turn   | Place    | Note
--------------------------------------------------------------
     0 | D:1      | utis the Tengu Fighter began the quest for the Orb.
     0 | D:1      | Reached XP level 1. HP: 14/14 MP: 2/2
   100 | D:1      | Reached XP level 2. HP: 17/19 MP: 3/3
   538 | D:1      | Reached XP level 3. HP: 23/23 MP: 4/4
   761 | D:2      | Reached skill level 4 in Polearms
  1286 | D:2      | Reached XP level 4. HP: 28/28 MP: 5/5
  1290 | D:2      | Noticed Robin
  1300 | D:2      | Killed Robin
  1493 | D:2      | Noticed Terence
  1532 | D:2      | Killed Terence
  1532 | D:2      | Reached skill level 5 in Polearms
  1881 | D:2      | Gained mutation: You can fly. [Tengu growth]
  1881 | D:2      | Reached XP level 5. HP: 8/32 MP: 6/6
  2421 | D:2      | Reached skill level 1 in Dodging
  2724 | D:2      | Noticed Crazy Yiuf
  2975 | D:2      | Killed Crazy Yiuf
  3229 | D:3      | Reached XP level 6. HP: 34/37 MP: 7/7
  4436 | D:4      | Found a sparkling altar of Nemelex Xobeh.
  4567 | D:4      | Found a sacrificial altar of Ru.
  4835 | D:5      | Entered Level 5 of the Dungeon
  4897 | D:5      | Noticed a moth of wrath
  4899 | D:5      | Found a bloodstained altar of Trog.
  4923 | D:5      | Reached XP level 7. HP: 35/41 MP: 8/8
  5146 | D:5      | Reached skill level 6 in Polearms
  5409 | D:5      | Found a staircase to the Ecumenical Temple.
  5422 | Temple   | Entered the Ecumenical Temple
  5487 | Temple   | Became a worshipper of Vehumet
  5724 | D:5      | Reached skill level 5 in Armour
  6314 | D:6      | Reached XP level 8. HP: 21/48 MP: 6/9
  6498 | D:6      | Noticed Edmund
  6523 | D:6      | Killed Edmund
  6766 | D:6      | Reached skill level 7 in Polearms
  6768 | D:6      | Reached skill level 5 in Dodging
  7093 | D:6      | Acquired Vehumet's first power
  7093 | D:6      | Offered knowledge of Sandblast by Vehumet.
  7093 | D:6      | Reached skill level 5 in Fighting
  7290 | D:6      | Hit by an exploding tomahawk thrown by an orc warrior

Vault maps used:
D:1:      dpeg_arrival_round_b, minmay_unequal
D:2:      first_bread, serial_co_window_serial, co_window_paths_a,
          co_window_corner_a, co_window_paths_b, co_window_of_opportunity_a,
          co_window_of_opportunity_a, co_window_2corner, co_window_2corner,
          co_window_broadway_b, co_window_of_opportunity_b,
          co_window_unsneaky_path_a, co_window_paths_e, glass_columns_b,
          glass_columns_b, glass_columns_c, glass_columns_a, minmay_bisected,
          uniq_robin, uniq_crazy_yiuf_cottage, uniq_terence
D:3:      minmay_surrounded
D:4:      nicolae_ru_awakened_eye, lemuel_coloured_pillars_altar
D:5:      tgw_trog, minmay_temple_entry_crystal_x, kennysheep_path_1,
          minmay_bad_closet
D:6:      uniq_edmund, uniq_menkaure
Temple:   zaba_magenta_temple_12

Action                   |  1- 3 |  4- 6 |  7- 9 || total
-------------------------+-------+-------+-------++-------
Melee: Trident           |    87 |    57 |       ||   144
       Halberd           |       |   185 |   129 ||   314
Throw: Stone             |    19 |    46 |    19 ||    84
       Tomahawk          |       |     2 |    15 ||    17
 Abil: Fly               |       |    10 |    15 ||    25
  Use: Potion            |       |     1 |     1 ||     2
       Scroll            |       |     8 |     5 ||    13
  Eat: Chunk             |     1 |    13 |    10 ||    24
       Fruit             |       |       |     1 ||     1
